Map: 필러스 오브 골드 - 래더

Players

Astrea - Winner!

  • Race: Protoss Protoss
  • Spawn Location: 1:00

DPGCure (Cure)

  • Race: Terran Terran
  • Spawn Location: 7:00

Event: StayAtHomestory Cup #2

VOD

Have the link to the VOD?

Description

Time

  • Played on: June 11, 2020, 6:49 a.m.
  • Length: 16:30

All games in this series

Show
View Real Time Build Order
Export as new Build Order

Astrea Protoss - Winner!

Build Orders: 1 Gate Expand, Blink Stalkers, Chargelot Immortal 

Get SALT Encoding   

  12  0:00  Probe  
  13  0:13  Probe  
  14  0:18  Pylon  
  14  0:24  Probe  
  15  0:32  Probe  
  15  0:37  Gateway  
  15  0:40  Probe  
  16  0:47  Assimilator  
  17  0:51  Probe  
  18  1:03  Probe  
  19  1:15  Probe  
  20  1:24  Cybernetics Core  
  20  1:35  Nexus  
  20  1:37  Probe  
  21  1:47  Pylon  
  21  1:50  Probe  
  21  1:53  Assimilator  
  22  1:55  Adept  
  22  2:02  Probe  
  22  2:06  Warp Gate  
  25  2:14  Probe  
  26  2:15  Stalker  
  26  2:26  Probe  
  29  2:38  Probe, Twilight Council  
  29  2:43  Probe  
  30  2:48  Blink  
  30  2:50  Probe  
  32  2:52  Probe, Stalker  
  35  3:02  Probe x2  
  37  3:15  Probe  
  37  3:16  Probe  
  39  3:27  Stalker  
  39  3:29  Gateway  
  39  3:30  Probe x2  
  43  3:36  Pylon  
  43  3:44  Probe  
  43  3:45  Probe  
  43  3:48  Robotics Facility  
  45  3:56  Probe  
  45  3:57  Probe  
  47  4:07  Nexus  
  47  4:11  Probe  
  47  4:12  Pylon  
  47  4:15  Stalker  
  47  4:16  Probe  
  51  4:24  Probe  
  51  4:25  Stalker  
  51  4:26  Assimilator  
  51  4:31  Forge  
  54  4:32  Probe  
  54  4:37  Probe  
  54  4:44  Probe  
  55  4:46  Observer  
  55  4:47  Pylon  
  55  4:52  Stalker x2  
  60  4:53  Probe  
  60  4:54  Protoss Ground Weapons Level 1  
  60  4:57  Probe  
  60  4:59  Charge  
  62  5:05  Probe  
  63  5:10  Probe  
  63  5:12  Observer  
  65  5:18  Probe, Gateway  
  65  5:20  Gateway  
  66  5:23  Gateway  
  66  5:24  Gateway  
  66  5:25  Probe x2  
  66  5:37  Probe  
  66  5:41  Probe  
  68  5:43  Probe, Stalker x2  
  73  5:51  Probe  
  73  5:55  Probe  
  73  5:56  Probe, Warp Prism  
  74  6:03  Probe  
  75  6:10  Probe x2  
  79  6:11  Sentry x2  
  79  6:14  Photon Cannon, Pylon  
  79  6:15  Shield Battery  
  83  6:18  Pylon  
  83  6:23  Immortal  
  86  6:40  Pylon  
  86  6:41  Sentry x2  
  86  6:44  Probe x3  
  86  6:46  Assimilator, Pylon  
  93  6:51  Zealot x4, Pylon  
  101  6:54  Observer, Immortal  
  101  6:57  Gateway  
  101  7:00  Gateway  
  101  7:02  Probe  
  101  7:03  Probe  
  101  7:06  Assimilator  
  101  7:08  Probe  
  108  7:09  Assimilator  
  108  7:11  Templar Archives  
  108  7:25  Zealot x6  
  108  7:27  Protoss Ground Armor Level 1  
  104  7:32  Probe  
  104  7:36  Psionic Storm  
  91  7:44  Probe x3  
  91  7:47  Immortal  
  91  7:49  Sentry, Zealot x5  
  108  8:03  Pylon  
  108  8:12  High Templar x2  
  112  8:17  High Templar  
  114  8:21  Zealot x2  
  114  8:22  Zealot x3  
  126  8:28  Immortal  
  126  8:32  Pylon  
  128  8:36  Pylon  
  128  8:44  Zealot x2  
  132  8:49  Pylon  
  132  8:50  Pylon  
  132  8:54  Observer  
  112  9:07  High Templar  
  112  9:08  Immortal  
  114  9:18  Sentry x2  
  114  9:19  Stalker x5  
  114  9:23  Pylon  
  132  9:24  Pylon  
  132  9:27  Nexus  
  131  9:35  Protoss Ground Weapons Level 2  
  127  9:53  Probe x3  
  127  9:55  Robotics Bay  
  127  9:58  Robotics Facility  
  130  10:00  Zealot x8  
  130  10:04  Observer, Pylon  
  146  10:08  Forge, Probe x2  
  146  10:13  Probe  
  150  10:16  Photon Cannon, Shield Battery  
  150  10:18  Pylon  
  150  10:20  Probe x2  
  152  10:21  Protoss Ground Armor Level 2  
  152  10:25  Probe  
  152  10:27  High Templar x3  
  152  10:28  High Templar, Stalker x2  
  161  10:32  Archon x2  
  165  10:35  Disruptor  
  165  10:36  Disruptor  
  165  10:50  Probe x3  
  165  10:51  Probe  
  165  10:52  Assimilator  
  165  10:54  Gravitic Drive  
  165  10:56  Assimilator  
  169  11:03  Observer  
  169  11:05  Probe x4  
  169  11:08  Stalker x5  
  169  11:09  Zealot  
  183  11:11  Disruptor  
  183  11:17  Probe x2  
  188  11:31  Pylon  
  188  11:32  Pylon  
  188  11:33  Gateway  
  188  11:34  Gateway  
  188  11:39  Disruptor  
  188  11:42  Dark Shrine  
  188  11:46  Nexus  
  188  11:52  Disruptor  
  181  11:57  Zealot x6  
  188  12:05  Disruptor  
  179  12:19  Zealot x8  
  195  12:24  Observer  
  195  12:26  Pylon  
  195  12:28  Protoss Ground Weapons Level 3, Disruptor  
  179  12:41  Disruptor  
  181  12:45  Shadow Stride  
  179  12:53  Gravitic Boosters  
  179  13:00  High Templar x2  
  179  13:01  Zealot x8  
  179  13:04  Pylon  
  199  13:09  Gateway  
  199  13:11  Gateway  
  197  13:14  Gateway, Protoss Ground Armor Level 3  
  197  13:15  Gateway  
  187  13:33  Stalker x5  
  187  13:34  Stalker x2  
  195  13:54  Nexus  
  195  13:55  Archon  
  184  14:03  Observer  
  184  14:06  Dark Templar x8  
  193  14:10  Disruptor  
  193  14:11  Disruptor  
  193  14:15  Pylon  
  197  14:34  Shield Battery  
  197  14:36  Shield Battery  
  197  14:37  Shield Battery x2  
  197  14:40  Photon Cannon  
  197  14:41  Disruptor  
  193  14:46  Disruptor  
  193  14:48  Observer  
  193  14:49  Observer  
  187  15:14  Assimilator x2  
  185  15:30  Disruptor x2  
  166  15:43  Dark Templar x4, Zealot x3  
  166  15:44  Zealot x6  
  150  16:02  Stalker  
  139  16:06  Dark Templar x3, Stalker x5  
Show
View Real Time Build Order
Export as new Build Order

DPGCure Terran 

Build Orders: Reaper Expand 

Get SALT Encoding   

  12  0:00  SCV  
  13  0:12  SCV  
  14  0:18  Supply Depot  
  14  0:24  SCV  
  15  0:39  SCV  
  15  0:41  Barracks  
  16  0:45  Refinery  
  16  0:51  SCV  
  17  1:03  SCV  
  18  1:15  SCV  
  19  1:28  Reaper, Orbital Command  
  20  1:45  Command Center  
  20  1:52  Supply Depot  
  20  1:56  SCV  
  20  2:00  Marine  
  22  2:08  SCV  
  23  2:13  Factory  
  23  2:20  SCV  
  23  2:21  Refinery  
  24  2:23  Barracks Reactor  
  24  2:32  SCV  
  25  2:44  SCV  
  26  2:56  SCV  
  27  2:58  Orbital Command  
  27  3:00  Hellion, Starport  
  27  3:02  Marine x2  
  31  3:08  SCV  
  31  3:20  Marine x2  
  31  3:22  Widow Mine  
  31  3:24  SCV  
  31  3:26  SCV  
  37  3:38  Medivac  
  37  3:40  SCV x2, Marine, Supply Depot  
  43  3:43  Widow Mine  
  45  3:52  SCV  
  45  3:55  SCV, Supply Depot  
  46  4:04  SCV, Marine  
  46  4:05  Barracks, Marine  
  46  4:07  SCV, Barracks  
  50  4:13  Starport Tech Lab, Factory Tech Lab  
  50  4:16  SCV  
  51  4:19  SCV  
  51  4:22  Marine x2  
  54  4:26  Engineering Bay  
  54  4:33  SCV x2  
  54  4:37  Raven  
  58  4:40  Refinery, Supply Depot  
  58  4:45  SCV x2  
  60  4:46  Marine  
  60  4:47  Marine  
  60  4:52  Terran Infantry Weapons Level 1, Supply Depot  
  62  5:02  SCV x2, Bunker  
  62  5:05  Stimpack  
  62  5:06  Marauder  
  62  5:07  Marine x2  
  66  5:14  SCV x2  
  66  5:17  Supply Depot  
  66  5:21  Refinery  
  68  5:22  Factory Reactor  
  68  5:26  SCV x2, Starport Reactor  
  68  5:28  Marauder  
  71  5:30  Marine x2  
  68  5:38  SCV x2  
  68  5:39  Marauder  
  68  5:40  Supply Depot  
  72  5:48  Marine x2  
  72  5:49  Marauder  
  76  5:50  SCV x2  
  78  6:00  Marauder  
  78  6:03  Widow Mine x2, Medivac x2  
  86  6:06  Supply Depot, Combat Shield  
  86  6:07  Marine x2  
  88  6:13  Marauder  
  90  6:20  Supply Depot  
  90  6:21  Marauder, Supply Depot  
  90  6:24  Widow Mine  
  94  6:28  Marine x2, Widow Mine  
  96  6:33  Medivac x2  
  96  6:37  Marauder, Supply Depot x2  
  100  6:43  Marauder  
  100  6:46  Marine x2  
  104  6:52  Widow Mine x2  
  104  6:53  Terran Infantry Armor Level 1  
  108  7:00  Marauder  
  110  7:01  Supply Depot  
  110  7:03  Marine, Supply Depot  
  110  7:04  Marine, Marauder  
  114  7:15  Command Center  
  114  7:21  Marine x2, Marauder  
  118  7:25  Marauder  
  118  7:27  Widow Mine x2, Medivac x2  
  118  7:29  SCV x2  
  97  7:41  Marine  
  97  7:42  Marine  
  97  7:43  Marauder  
  97  7:47  Marauder  
  99  7:58  Viking  
  99  7:59  Medivac  
  99  8:05  Marine x2  
  105  8:06  Concussive Shells, Marauder  
  105  8:08  Marauder  
  111  8:14  Widow Mine x2  
  115  8:24  Barracks  
  115  8:27  SCV x2, Barracks  
  115  8:35  Marine x2, Marauder x2  
  115  8:39  SCV x2  
  123  8:47  Medivac  
  123  8:48  Orbital Command, Widow Mine x2, Medivac  
  131  8:51  SCV x2  
  117  9:04  Marauder x2  
  117  9:05  Marine x2  
  117  9:06  SCV  
  117  9:07  SCV  
  119  9:11  Widow Mine x2  
  119  9:15  Armory, Engineering Bay  
  123  9:19  Barracks Reactor, Barracks Tech Lab  
  123  9:21  SCV, Ghost Academy  
  123  9:22  SCV  
  125  9:30  SCV  
  126  9:32  Refinery x2  
  126  9:33  SCV  
  126  9:34  SCV  
  124  9:43  Marine  
  124  9:44  Marine  
  124  9:45  Widow Mine x2  
  134  9:51  SCV x2  
  134  9:52  SCV  
  135  9:53  Ghost x3  
  135  9:56  Enhanced Shockwaves  
  135  10:03  Marine x4  
  139  10:09  SCV x3  
  139  10:11  Terran Infantry Weapons Level 2  
  142  10:14  Terran Infantry Armor Level 2  
  142  10:25  Ghost  
  142  10:28  SCV x3  
  145  10:30  Marine x4  
  145  10:32  Ghost  
  153  10:41  Ghost  
  154  10:48  Marine x4  
  158  10:50  Supply Depot  
  158  10:51  Viking, Supply Depot  
  158  10:56  Viking  
  162  11:07  Starport, Marine  
  162  11:08  Marauder  
  165  11:11  Marine x2  
  165  11:12  Marine x2  
  165  11:13  Supply Depot  
  165  11:14  Supply Depot  
  167  11:24  Viking  
  169  11:25  Viking  
  169  11:27  Marine x2  
  169  11:29  Marine  
  169  11:31  Command Center  
  174  11:38  Marine x3, Marauder  
  179  11:44  Marine  
  179  11:45  Marauder  
  180  11:47  Marauder  
  180  11:53  Medivac x2  
  174  11:55  Marine x3  
  174  11:58  Ghost  
  178  12:02  Marine  
  178  12:05  Ghost  
  181  12:08  Marauder  
  181  12:13  Marine x3  
  183  12:16  Medivac x2  
  183  12:20  Marine  
  188  12:25  Barracks  
  188  12:27  Barracks  
  188  12:28  Barracks, Marauder  
  190  12:30  Marauder  
  190  12:31  Marine x2  
  174  12:41  Marine x2, Marauder  
  170  12:49  Marine x2, Marauder  
  176  12:51  Marauder  
  176  12:54  Terran Infantry Armor Level 3, Terran Infantry Weapons Level 3  
  176  12:57  SCV x3  
  179  13:04  Ghost  
  179  13:05  Marine x2  
  183  13:11  Marauder  
  184  13:20  Terran Ship Weapons Level 1  
  184  13:23  Missile Turret  
  184  13:24  Sensor Tower  
  184  13:25  Sensor Tower  
  183  13:30  Barracks Tech Lab x2  
  183  13:31  Barracks Reactor  
  181  13:37  Marine x4  
  181  13:38  Marauder  
  181  13:40  Planetary Fortress  
  187  13:44  Marauder  
  175  14:00  Marine x2  
  175  14:01  Marine x2, Marauder x2  
  150  14:13  Ghost  
  150  14:14  Marine x2, Marauder x2  
  153  14:18  Marine x4  
  153  14:22  Marauder x2  
  161  14:32  Marine x2  
  161  14:35  Ghost  
  161  14:36  Marauder  
  167  14:42  Marine x4  
  167  14:43  Marauder  
  167  14:44  Marauder x2  
  177  14:49  Marine x2  
  175  14:56  Ghost  
  177  15:00  Marine x2  
  177  15:01  Sensor Tower  
  177  15:03  Command Center  
  177  15:04  Marauder x2  
  177  15:06  Missile Turret, Ghost, Marine x2  
  189  15:07  Marine x2, Marauder  
  191  15:18  Marine x2  
  193  15:24  Marine x2  
  193  15:25  Ghost, Marine, Marauder  
  200  15:30  Marine x2, Marauder  
  200  15:35  Marine x2, Marauder  
  187  15:42  Marine x2  
  158  15:43  Marine  
  158  15:47  Marauder  
  158  15:48  Marine, Marauder  
  147  15:57  Marine x4, Marauder  
  147  16:00  Marine x2  
  147  16:04  Marine  
  124  16:05  Marine  
  124  16:08  Marauder  
Tags
 
Add a new tag
Caveats
  • Supply blocks, unpowered buildings, or Contaminate may cause inaccurate times.
  • Supply counts are checked every 10 seconds.